 Dungeon Crawl Stone Soup version 0.25-a0-1133-g93ebf739aa (webtiles) character file.

Game seed: 291534935339312759, levelgen mode: deterministic

51 Echocat the Ducker (level 3, 0/17 HPs)
             Began as a Felid Berserker on May 22, 2020.
             Was a Believer of Trog.
             Killed by divine providence
             ... invoked by an orc priest
              (12 damage)
             ... on level 3 of the Dungeon.
             The game lasted 00:20:43 (3055 turns).

Echocat the Ducker (Felid Berserker)                Turns: 3055, Time: 00:20:44

Health: 0/17       AC:  1    Str: 14    XL:     3   Next: 58%
Magic:  4/4        EV: 20    Int:  8    God:    Trog [**....]
Gold:   113        SH:  0    Dex: 15    Spells: 2/2 levels left
                                        Lives:  0   Deaths: 1

rFire    . . .     SeeInvis +     - Unarmed
rCold    . . .     Gourm    .   (shield unavailable)
rNeg     . . .     Faith    .   (armour unavailable)
rPois    .         Spirit   .   (helmet unavailable)
rElec    .         Reflect  .   (cloak unavailable)
rCorr    .         Harm     .   (gloves unavailable)
MR       ++...                  (boots unavailable)
Stlth    ++........             (no amulet)
HPRegen  1.05/turn              (no ring)
MPRegen  0.09/turn              (no ring)

@: regenerating, quick
A: very small, no armour, no weapons or thrown items, stealth, claws 1, fangs 3,
see invisible, carnivore, speed 1, shaggy fur 1, slow metabolism 1, sharp paws
a: Berserk, Trog's Hand, Renounce Religion


You were on level 3 of the Dungeon.
You worshipped Trog.
Trog was pleased with you.
You were not hungry.

You visited 1 branch of the dungeon, and saw 3 of its levels.

You collected 113 gold pieces.

Inventory:

Missiles
 c - 7 poisoned darts
Wands
 k - a wand of iceblast (7)
Scrolls
 b - a scroll of blinking {unknown}
 f - 3 scrolls of identify {unknown}
 h - 4 scrolls of noise {unknown}
 i - a scroll of teleportation {unknown}
 j - a scroll of remove curse {unknown}
 o - a scroll of fear {unknown}
 p - a scroll of fog {unknown}
Potions
 d - 2 potions of curing {unknown}
 e - a potion of haste {unknown}
 g - a potion of magic {unknown}
 l - a potion of invisibility {unknown}
 n - a potion of ambrosia {unknown}
Comestibles
 a - 4 rations


   Skills:
 * Level 3.5 Fighting
 + Level 4.6 Dodging
 + Level 2.2 Stealth
 * Level 4.3 Unarmed Combat


You had 2 spell levels left.
You didn't know any spells.
Your spell library was empty.

Dungeon Overview and Level Annotations

Branches:
Dungeon (3/15)

Altars:
Sif Muna


Innate Abilities, Weirdness & Mutations

You cannot wear armour.
You are incapable of wielding weapons or throwing items.
Your paws allow you to move quietly. (Stealth)
You have sharp claws.
You have razor-sharp teeth.
You have supernaturally acute eyesight. (SInv)
You are carnivorous and can eat meat at any time.
You cover ground quickly.
You are covered in fur. (AC +1)
You have a slow metabolism.
Your sharp claws are effective at attacking unaware monsters.


Message History

The kobold closely misses you.
You are now level 3!
You rejoin the land of the living...
Found 13 sling bullets.
Eating a chunk of flesh.
You eat the chunk of flesh.
This raw flesh tastes great.
The orc is too close now for your liking.
The orc priest invokes the aid of Beogh against you.
Beogh smites you!
Ouch! That really hurt!
* * * LOW HITPOINT WARNING * * *
A ball python comes into view.
The ball python hisses angrily.
Your skin crawls.
You feel resistant to hostile enchantments.
You feel quite a bit more hungry.
The orc priest mumbles some strange prayers to Beogh against you.
Beogh smites you!
Ouch! That really hurt!
You die...

#..............#.#.#.#..
#..##...<...............
#..##.#..................
#..........>..######.#.#.
#..##.#.......# .# ##
#..##.#.......# #
#........#.####
.######†##...#...#####
.......(...:..@..o.o.#
##########...#######.#####.
##.....oS..........
##########.......#
#########


You could see an orc priest and an orc.

Vanquished Creatures
  Crazy Yiuf (D:2)
  An adder (D:3)
  2 worms
  2 dart slugs
  2 leopard geckos (D:2)
  3 orcs (D:3)
  7 bats
  4 giant cockroaches (D:1)
  9 goblins
  4 hobgoblins
  4 jackals
  2 quokkas (D:2)
  2 ball pythons
  2 frilled lizards
  6 kobolds
  2 rats (D:1)
53 creatures vanquished.

Vanquished Creatures (others)
  A rat (D:1)
1 creature vanquished.

Grand Total: 54 creatures vanquished

Notes
Turn   | Place    | Note
-------+----------+-------------------------------------------
     0 | D:1      | Echocat the Felid Berserker began the quest for the Orb.
     0 | D:1      | Reached XP level 1. HP: 10/10 MP: 2/2
    70 | D:1      | Reached XP level 2. HP: 10/14 MP: 3/3
   780 | D:1      | Reached XP level 3. HP: 17/17 MP: 4/4
  1032 | D:2      | Found a faded altar of an unknown god.
  1515 | D:2      | Reached skill level 1 in Stealth
  1519 | D:2      | Reached ** piety under Trog
  1734 | D:2      | Found a runed translucent door.
  1735 | D:2      | Noticed Crazy Yiuf
  1828 | D:2      | Found a shimmering blue altar of Sif Muna.
  1903 | D:2      | Killed Crazy Yiuf
  1903 | D:2      | Reached XP level 4. HP: 21/21 MP: 5/5
  3015 | D:3      | Killed from afar by an orc priest
  3016 | D:3      | Reached XP level 3. HP: 0/17 MP: 4/4
  3055 | D:3      | Killed from afar by an orc priest

Illustrated notes

Levels and vault maps discovered:
D:1:      saegor_arrival_simple_e, layout_loops_cross
D:2:      layout_loops_cross, led_sif_pool, chequers_ecumenical_altar_island,
          uniq_crazy_yiuf_cottage
D:3:      layout_loops_ring

Skill      XL: |  1  2  3  4 |
---------------+-------------+-----
Stealth        | 1 2 |  2.2
Unarmed Combat | 4 |  4.3
Fighting       | |  3.5
Dodging        | |  4.6

Action                   |  1- 3 |  4- 6 || total
-------------------------+-------+-------++-------
Melee: Unarmed           |   103 |    31 ||   134
       Bite              |     7 |     6 ||    13
Invok: Berserk           |     1 |     1 ||     2
       Trog's Hand       |     1 |       ||     1
 Stab: Sleeping          |     8 |     2 ||    10
       Distracted        |     1 |       ||     1
  Eat: Chunk             |    10 |     4 ||    14
Armor: Skin              |     7 |       ||     7
Dodge: Dodged            |   106 |    21 ||   127

Table legend:
 A = Non-vault XP
 B = Vault XP
 C = Vault XP percentage of total XP
 D = Non-vault monster count
 E = Vault monster count
 F = Vault count percentage of total count
                 A         B        C        D         E       F
            +---------+---------+-------+---------+---------+-------
      Total |     117 |      39 |  25.0 |      52 |       1 |   1.9
            +---------+---------+-------+---------+---------+-------
        D:1 |      42 |       0 |   0.0 |      24 |       0 |   0.0
        D:2 |      34 |      39 |  53.4 |      15 |       1 |   6.2
        D:3 |      41 |       0 |   0.0 |      13 |       0 |   0.0
            +---------+---------+-------+---------+---------+-------
